 Dungeon Crawl Stone Soup version 0.26-a0-540-g8a0c9464d7 (webtiles) character file.

Game seed: 7771540245909650539

721 MalarOregon the Firebug (level 7, -4/59 HPs)
             Began as a Red Draconian Fire Elementalist on Aug 20, 2020.
             Shot with an arrow by a centaur (10 damage)
             ... on level 5 of the Dungeon.
             The game lasted 00:13:37 (5431 turns).

MalarOregon the Firebug (DrFE)                      Turns: 5431, Time: 00:13:37

Health: -4/59      AC:  6    Str: 11    XL:     7   Next: 43%
Magic:  7/11       EV: 13    Int: 17    God:
Gold:   185        SH:  4    Dex: 11    Spells: 2/12 levels left

rFire    + . .     SeeInvis .   m - +0 whip
rCold    . . .     Faith    .   d - +0 buckler (curse)
rNeg     . . .     Spirit   .   (armour unavailable)
rPois    .         Reflect  .   (helmet restricted)
rElec    .         Harm     .   (no cloak)
rCorr    .                      (no gloves)
MR       .....                  (no boots)
Stlth    ++........             (no amulet)
HPRegen  0.19/turn              (no ring)
MPRegen  0.12/turn              (no ring)

@: lethally poisoned (-4 -> -5), short of breath
A: breathe fire, unfitting armour, fire resistance 1, cold-blooded, AC +6
a: Breathe Fire


You were on level 5 of the Dungeon.
You visited 1 branch of the dungeon, and saw 5 of its levels.

You collected 185 gold pieces.

Inventory:

Hand Weapons
 f - a +1 vampiric scythe {!w}
   (You took it off Sigmund on level 2 of the Dungeon)
 m - a +0 whip (weapon)
   (You took it off a kobold on level 2 of the Dungeon)
 n - a +1 spear of venom
   (You found it on level 3 of the Dungeon)
Missiles
 l - 5 atropa-tipped darts (quivered)
Armour
 d - a cursed +0 buckler (worn)
   (You found it on level 1 of the Dungeon)
Jewellery
 i - an uncursed ring of stealth {unknown}
   (You found it on level 1 of the Dungeon)
Scrolls
 b - a scroll of noise {unknown}
 c - 2 scrolls of amnesia {unknown}
 h - 3 scrolls of remove curse {unknown}
 j - a scroll of magic mapping {unknown}
 k - a scroll of enchant armour {unknown}
 p - 2 scrolls of identify {@r1}
 r - a scroll of fog {unknown}
Potions
 a - 3 potions of lignification {unknown}
 e - a potion of curing {unknown}
 o - a potion of cancellation {unknown}
 q - a potion of haste {unknown}


   Skills:
 * Level 4.1 Fighting
 * Level 4.0 Dodging
 - Level 1.7 Stealth
 * Level 3.2 Shields
 + Level 3.2 Spellcasting
 + Level 2.6 Conjurations
 + Level 4.8 Fire Magic


You had 2 spell levels left.
You knew the following spells:

 Your Spells              Type           Power        Failure   Level
a - Foxfire               Conj/Fire      ###.         4%          1
q - Sticky Flame          Conj/Fire      ###.....     38%         4
x - Fireball              Conj/Fire      ###.......   75%         5

Your spell library contained the following spells:

 Spells                   Type           Power        Failure   Level
 Conjure Flame            Conj/Fire      ###.....     12%         3
 Inner Flame              Hex/Fire       ##......     22%         3


Dungeon Overview and Level Annotations

Branches:
Dungeon (5/15)
 Temple: D:4-7

Altars:
Kikubaaqudgha
Nemelex Xobeh
Trog

Annotations:
D:4 Edmund


Innate Abilities, Weirdness & Mutations

You can breathe blasts of fire.
Your fiery red scales are hard. (AC +6)
You cannot fit into any form of body armour.
Your flesh is heat resistant. (rF+)
You are cold-blooded and may be slowed by cold attacks.


Message History

You breathe a blast of fire.
The fiery breath hits the gnoll shaman.
You feel sick. You block the gnoll's attack.
The leopard gecko barely misses you.
The gnoll shaman is engulfed in blazing flames.
The gnoll shaman hits you with a +0 whip!
The centaur hits you but does no damage.
The adder bites you.
* * * LOW HITPOINT WARNING * * *
You block the gnoll's attack.
The leopard gecko bites you but does no damage.
The gnoll hits you from afar with a +0 spear.
* * * LOW HITPOINT WARNING * * *
Unknown command.
You conjure some foxfire!
The centaur barely misses you. The gnoll barely misses you.
The gnoll shaman is engulfed in blazing flames.
You kill the gnoll shaman!
Your Dodging skill increases to level 4!
The adder closely misses you. You block the leopard gecko's attack.
The gnoll closely misses you.
You barely miss the gnoll.
You feel sick.
The foxfire hits the gnoll.
The foxfire hits the centaur!
The centaur barely misses you. The gnoll hits you but does no damage.
The adder closely misses you. You block the leopard gecko's attack.
The centaur barely misses you. The gnoll hits you but does no damage.
The adder misses you. You block the gnoll's attack.
You conjure some foxfire!
The centaur misses you. The gnoll hits you but does no damage.
The leopard gecko barely misses you. The adder closely misses you.
The gnoll hits you from afar with a +0 spear.
* * * LOW HITPOINT WARNING * * *
The gnoll closely misses you. The centaur hits you.
* * * LOW HITPOINT WARNING * * *
You hit the gnoll.
The foxfire hits the gnoll.
You kill the gnoll!
The foxfire hits the centaur.
The leopard gecko bites you.
* * * LOW HITPOINT WARNING * * *
You block the adder's attack. You block the centaur's attack.
The gnoll hits you but does no damage. The leopard gecko bites you.
* * * LOW HITPOINT WARNING * * *
Unknown command.
As you read the scroll of fear, it crumbles to dust.
You assume a fearsome visage.
The centaur looks frightened!
The adder looks frightened!
The leopard gecko looks frightened!
The gnoll looks frightened!
You feel sick.
The centaur cries, "Mercy!"
You feel sick.
Cornered, the centaur turns to fight!
The centaur wields a +0 shortbow.
The centaur shoots an arrow.
The arrow hits you!
You die...

## ..#..#.##.
#...........
.....g...#
##.#.#.#.##
#.........#####
###.......#....#
........(.......###
..##!...>((#.)....#
........@..)..(#.#
#.#.......#.).c#
#............###
###.#.#.#.####
##S###### #. #
#####.#.#.
#.#####.<.......
#.......###..#..


You could see a centaur, a gnoll (fleeing) and an adder (fleeing).

Vanquished Creatures
  Sigmund (D:2)
  A phantom (D:4)
  A scorpion (D:4)
  A hound (D:4)
  A gnoll shaman (D:5)
  3 orc wizards (D:4)
  2 worker ants (D:4)
  A mummy (D:4)
  3 gnolls
  5 adders
  An ooze (D:3)
  5 worms
  A dart slug (D:1)
  5 leopard geckos
  17 orcs
  10 bats
  4 giant cockroaches
  8 goblins
  6 hobgoblins
  A ball python (D:1)
  5 frilled lizards
  5 kobolds
  4 kobold zombies (D:4)
  A quokka skeleton (D:3)
  8 rats
  3 rat zombies (D:2)
103 creatures vanquished.

Vanquished Creatures (others)
  280 foxfires
280 creatures vanquished.

Grand Total: 383 creatures vanquished

Notes
Turn   | Place    | Note
-------+----------+-------------------------------------------
     0 | D:1      | MalarOregon the Draconian Fire Elementalist began the quest
                  | for the Orb.
     0 | D:1      | Reached XP level 1. HP: 14/14 MP: 3/3
   193 | D:1      | Reached skill level 1 in Fighting
   242 | D:1      | Reached XP level 2. HP: 23/23 MP: 3/5
   803 | D:1      | Reached XP level 3. HP: 15/28 MP: 2/6
  1269 | D:2      | Noticed Sigmund
  1630 | D:2      | Found a bloodstained altar of Trog.
  2214 | D:2      | Reached XP level 4. HP: 36/36 MP: 4/7
  2288 | D:2      | Killed Sigmund
  2288 | D:2      | Reached XP level 5. HP: 33/45 MP: 0/9
  2507 | D:2      | Found an ancient bone altar of Kikubaaqudgha.
  2642 | D:3      | Reached XP level 6. HP: 48/51 MP: 5/10
  2796 | D:3      | Learned a level 4 spell: Sticky Flame
  2802 | D:3      | Learned a level 5 spell: Fireball
  3279 | D:3      | Found a sparkling altar of Nemelex Xobeh.
  4185 | D:4      | Your scales start taking on a fiery red colour.
  4185 | D:4      | Reached XP level 7. HP: 53/58 MP: 0/11
  4185 | D:4      | Gained mutation: Your flesh is heat resistant. (rF+) [Red
                  | Draconian growth]
  5185 | D:4      | Noticed Edmund
  5407 | D:5      | Entered Level 5 of the Dungeon
  5431 | D:5      | Shot with an arrow by a centaur

Illustrated notes

Levels and vault maps discovered:
D:1:      dpeg_arrival_ternary, layout_basic
D:2:      layout_rooms, lemuel_zombie_altar_kikubaaqudgha,
          lemuel_altar_in_water, uniq_sigmund
D:3:      layout_basic, nemelex_dance_club_becter
D:4:      minmay_angry_zag, layout_basic, minmay_mini_ossuary, uniq_edmund
D:5:      layout_loops_ring, st_stairs_4, uniq_prince_ribbit1

Skill      XL: |  1  2  3  4  5  6  7 |
---------------+----------------------+-----
Fighting       | 1 2 3 4 |  4.1
Dodging        | 2 3 4 |  4.0
Shields        | 2 3 |  3.2
Conjurations   | 2 |  2.6
Spellcasting   | 3 |  3.2
Fire Magic     | 4 |  4.8
Stealth        | |  1.7

Action                   |  1- 3 |  4- 6 |  7- 9 || total
-------------------------+-------+-------+-------++-------
Melee: Unarmed           |    34 |       |       ||    34
       Club              |    34 |       |       ||    34
       Tailslap          |     7 |    10 |     6 ||    23
       Whip              |     5 |   113 |    44 ||   162
Throw: Dart              |       |     7 |     1 ||     8
 Cast: Foxfire           |    49 |    68 |    45 ||   162
 Abil: Breathe Fire      |       |       |     2 ||     2
  Use: Scroll            |       |     2 |     1 ||     3
 Stab: Sleeping          |       |     3 |       ||     3
Armor: Skin              |    17 |    40 |    14 ||    71
Dodge: Dodged            |    61 |    64 |    52 ||   177
Block: Buckler           |     7 |    23 |    23 ||    53

Table legend: (Time is in decaauts)
 A = Elapsed time spent in this place.
 B = Non-inter-level travel time spent in this place.
 C = Inter-level travel time spent in this place.
 D = Time resting spent in this place.
 E = Time spent auto-exploring this place.
 F = Levels seen in this place.
 G = Mean time per level.
                   A        B        C        D        E       F      G
               +--------+--------+--------+--------+--------+-----+--------+
         Total |   5465 |   4984 |    481 |   1355 |   2709 |   5 | 1093.0 |
       Dungeon |   5465 |   4984 |    481 |   1355 |   2709 |   5 | 1093.0 |
               +--------+--------+--------+--------+--------+-----+--------+

Top non-repeatable levels by time:
     D:4: 1702 daAuts
     D:1: 1558 daAuts
     D:2: 1201 daAuts
     D:3: 978 daAuts
     D:5: 24 daAuts
